 Dungeon Crawl Stone Soup version 0.29-a0-886-gfb1a3fa8b1 (webtiles) character file.

Game seed: 1360253566590102760

9 BearFiend the Sneak (level 2, 16/16 HPs)
             Began as a Kobold Enchanter on July 21, 2022.
             Was a Follower of Wu Jian.
             Quit the game on level 1 of the Dungeon.
             The game lasted 00:05:01 (680 turns).

BearFiend the Sneak (Kobold Enchanter)               Turns: 680, Time: 00:05:02

Health: 16/16      AC:  2    Str:  5    XL:     2   Next: 25%
Magic:  5/5        EV: 15    Int: 16    God:    Wu Jian [*.....]
Gold:   60         SH:  0    Dex: 15    Spells: 3/5 levels left

rFire   . . .      SeeInvis .   b - +3 short sword
rCold   . . .      Faith    .   (no shield)
rNeg    . . .      Spirit   .   f - +0 robe
rPois   .          Reflect  .   (no helmet)
rElec   .          Harm     .   (no cloak)
rCorr   .          Rampage  .   (no gloves)
Will    .....                   (no boots)
Stlth   ++++......              (no amulet)
HPRegen 0.05/turn               (no ring)
MPRegen 0.09/turn               (no ring)

@: no status effects
A: small, no large weapons, nightstalker 3
a: Renounce Religion


You were on level 1 of the Dungeon.
You worshipped Wu Jian.
Wu Jian was aware of your devotion.
You visited 1 branch of the dungeon, and saw 1 of its levels.

You collected 60 gold pieces.

Inventory:

Hand Weapons
 a - a +1 dagger
 b - a +3 short sword (weapon)
Missiles
 h - 6 curare-tipped darts
Armour
 f - a +0 robe (worn)
Scrolls
 d - 2 scrolls of identify {unknown}
 g - a scroll of magic mapping {unknown}
Potions
 c - 2 potions of invisibility
 e - a potion of degeneration {unknown}


   Skills:
 + Level 1.2 Fighting
 - Level 1.3 Short Blades
 - Level 2.4 Dodging
 + Level 4.5 Stealth
 - Level 2.1 Spellcasting
 - Level 3.0 Hexes


You had 3 spell levels left.
You knew the following spells:

 Your Spells              Type           Power      Damage    Failure   Level
w - Ensorcelled Hibernat  Hex/Ice        12%        N/A       17%         2

Your spell library contained the following spells:

 Spells                   Type           Power      Damage    Failure   Level
 Confusing Touch          Hex            11%        N/A       19%         3
 Tukima's Dance           Hex            11%        N/A       19%         3
 Blink                    Tloc           2%         N/A       30%         2
 Dazzling Flash           Conj/Hex       12%        N/A       32%         3
 Manifold Assault         Tloc           1%         N/A       99%         5
 Storm Form               Tmut/Air       0%         N/A       100%        7


Dungeon Overview and Level Annotations

Branches:
Dungeon (1/15) Zot: 5321

Altars:
Wu Jian


Innate Abilities, Weirdness & Mutations

You are small and have problems with some larger weapons.
You are completely attuned to the shadows.


Message History

You kill the hobgoblin!
No target in view!
No target in view!
Things that are here:
a hobgoblin corpse; a frilled lizard corpse You open the door.
There is an open door here.
You now have 60 gold pieces (gained 13).
As you open the door, it creaks loudly!
Memorise Ensorcelled Hibernation, consuming 2 spell levels and leaving 3?
You start memorising the spell.
You continue memorising. x2
You finish memorising.
Spell assigned to 'w'.
There is an open door here.
g - a scroll labelled ZAXKOK JETRYNK
Things that are here:
a hobgoblin corpse; a frilled lizard corpse You open the door.
Found a stone staircase leading down.
There is an open door here.
There is an open door here.
There is a dry fountain here.
A frilled lizard comes into view.
The frilled lizard resists with significant effort.
The frilled lizard bites you but does no damage.
You hit the frilled lizard.
You kill the frilled lizard!
Magic restored.
A bat comes into view.
The helpless bat fails to defend itself.
You puncture the bat!
You kill the bat!
You see here a bat corpse.
h - 6 curare-tipped darts
There is a faded altar of an unknown god here.
You cannot tell which god this altar belongs to.
Convert to them anyway?
Wu Jian accepts your prayer! The Council welcomes you!
You can now perform damaging attacks by moving towards foes.
You can now lightly attack monsters by moving around them.
Are you sure you want to abandon this character and quit the game? (Confirm with "yes".)

#.....# .....†....###...........
#.....# .....#####.##...........
......# ....#§....#.#..)........
......# ##.§≈§...§≈............#
......###.#§.≈§..≈.≈#...........
......##.#..§.§§≈.≈..#..........
.........#...§.≈§≈...#..).......
.........#.§.≈§§§§...#..........
.#+#.....#..§≈≈@≈≈...#..........
#####.#..≈§§≈≈.≈..#.##...####
#......#≈§≈≈.≈≈≈§#.###...#
#.#####.#..≈.≈..#.## #...# #.#
##.#.≈.§.#.## #...# #.#
###.##.##.## #...# #.#
#..........# ##### #.#
#.####.....# #.# #.# #####.#


There were no monsters in sight!

Vanquished Creatures
  A goblin (D:1)
  2 hobgoblins (D:1)
  A ball python (D:1)
  2 bats (D:1)
  3 frilled lizards (D:1)
  A kobold (D:1)
  A rat (D:1)
11 creatures vanquished.

Notes
Turn   | Place    | Note
-------+----------+-------------------------------------------
     0 | D:1      | BearFiend the Kobold Enchanter began the quest for the Orb.
     0 | D:1      | Reached XP level 1. HP: 10/10 MP: 3/3
   148 | D:1      | Found a faded altar of an unknown god.
   282 | D:1      | Reached skill level 1 in Fighting
   282 | D:1      | Reached XP level 2. HP: 16/16 MP: 5/5
   429 | D:1      | Learned a level 2 spell: Ensorcelled Hibernation
   679 | D:1      | Prayed at the altar of an unknown god.
   679 | D:1      | Became a worshipper of the Wu Jian Council
   679 | D:1      | Reached * piety under Wu Jian
   680 | D:1      | Quit the game

Illustrated notes

Levels and vault maps discovered:
D:1:      dpeg_arrival_central, layout_basic,
          shapermc_ecumenical_altar_starsandcircs, minmay_misc_feat_alley,
          grunt_decor_mini_mirrors

Skill      XL: |  1 |
---------------+----+-----
Fighting       | 1 |  1.2
Short Blades   | |  1.3
Dodging        | |  2.4
Stealth        | |  4.5
Spellcasting   | |  2.1
Hexes          | |  3.0

Action                   || total
-------------------------++-------
Melee: Short sword       ||    21
       Dagger            ||     2
 Cast: Ensorcelled Hiber ||     1
 Stab: Sleeping          ||     5
Armor: Robe              ||     2
Dodge: Dodged            ||    11

Table legend: (Time is in decaauts)
 A = Elapsed time spent in this place.
 B = Non-inter-level travel time spent in this place.
 C = Inter-level travel time spent in this place.
 D = Time resting spent in this place.
 E = Time spent auto-exploring this place.
 F = Levels seen in this place.
 G = Mean time per level.
                   A        B        C        D        E       F      G
               +--------+--------+--------+--------+--------+-----+--------+
         Total |    679 |    655 |     24 |      0 |    578 |   1 |  679.0 |
       Dungeon |    679 |    655 |     24 |      0 |    578 |   1 |  679.0 |
               +--------+--------+--------+--------+--------+-----+--------+

Top non-repeatable levels by time:
     D:1: 679 daAuts
